 Dungeon Crawl Stone Soup version 0.31-a0-161-gb58dd9be76 (webtiles) character file.

Game seed: 11251832229838877335

210 Hubris850 the Caller (level 5, -2/28 HPs)
             Began as a Deep Elf Summoner on June 12, 2023.
             Slain by a gnoll
             ... wielding a +0 flail
              (5 damage)
             ... on level 4 of the Dungeon.
             The game lasted 00:08:39 (3147 turns).

Hubris850 the Caller (Deep Elf Summoner)            Turns: 3147, Time: 00:08:39

Health: -2/28      AC:  2    Str:  5    XL:     5   Next: 56%
Magic:  7/13       EV: 13    Int: 22    God:
Gold:   150        SH:  0    Dex: 15    Spells: 3/13 levels left

rFire   . . .        l - +1 whip (flame)
rCold   . . .        (no shield)
rNeg    . . .        a - +0 robe
rPois   .            (no helmet)
rElec   .            (no cloak)
rCorr   .            (no gloves)
SInv    .            (no boots)
Will    .....        (no amulet)
Stlth   ++           (no ring)
HPRegen 0.24/turn    (no ring)
MPRegen 0.13/turn

%: no passive effects
@: no status effects
A: no striking features
a: no special abilities


You were on level 4 of the Dungeon.
You visited 1 branch of the dungeon, and saw 4 of its levels.

You collected 150 gold pieces.

Inventory:

Hand Weapons
 d - a +0 whip
 g - a +0 dagger
 l - a +1 whip of flaming (weapon)
Missiles
 e - 3 boomerangs
Armour
 a - a +0 robe (worn)
Magical Staves
 i - a staff of poison
Scrolls
 h - a scroll of fear {unknown}
 j - a scroll of silence {unknown}
 k - 2 scrolls of noise {unknown}
 m - 3 scrolls of identify {unknown}
 n - a scroll of fog {unknown}
 o - a scroll of teleportation {unknown}
 q - a scroll of amnesia {unknown}
Potions
 b - a potion of magic
 c - a potion of attraction {unknown}
 f - a potion of heal wounds {unknown}
 p - a potion of curing {unknown}


   Skills:
 - Level 3.2 Dodging
 - Level 3.0 Stealth
 + Level 4.5 Spellcasting
 + Level 5.2 Summonings
 + Level 2.3 Translocations
 + Level 2.4 Fire Magic


You had 3 spell levels left.
You knew the following spells:

 Your Spells              Type           Power      Damage    Failure   Level
a - Summon Small Mammal   Summ           100%       N/A       1%          1
b - Call Imp              Summ           56%        N/A       1%          2
c - Scorch                Fire           30%        2d6       6%          2
d - Blink                 Tloc           30%        N/A       6%          2
e - Call Canine Familiar  Summ           28%        N/A       3%          3

Your spell library contained the following spells:

 Spells                   Type           Power      Damage    Failure   Level
 Lesser Beckoning         Tloc           30%        N/A       6%          2
 Momentum Strike          Conj/Tloc      20%        3d8       10%         2
 Summon Guardian Golem    Hex/Summ       16%        N/A       11%         3
 Sublimation of Blood     Necr           5%         N/A       16%         2
 Summon Lightning Spire   Summ/Air       16%        N/A       34%         4
 Flame Wave               Conj/Fire      10%        2d6       54%         4
 Petrify                  Tmut/Erth      5%         N/A       71%         4
 Summon Cactus Giant      Summ           14%        N/A       88%         6
 Irradiate                Conj/Tmut      2%         3d12      96%         5


Dungeon Overview and Level Annotations

Branches:
Dungeon (4/15)
 Temple: D:4-7

Altars:


Message History

A tiny devil pulls itself out of the air.
You swap places.
A gnoll comes into view. It is wielding a +0 flail.
The gnoll hits you from afar with a +0 spear.
Your cerulean imp hits the gnoll but does no damage.
You swap places.
The gnoll hits you from afar with a +0 spear.
Your cerulean imp barely misses the gnoll.
Your hound bites the gnoll.
The gnoll hits you from afar with a +0 spear.
Your cerulean imp misses the gnoll.
Your hound barely misses the gnoll.
Your quokka bites the gnoll.
Found a sling.
Your hound misses the gnoll.
A gnoll comes into view. It is wielding a +0 flail.
The gnoll hits you from afar with a +0 spear.
Your quokka bites the gnoll.
Your cerulean imp barely misses the gnoll.
A kobold comes into view. It is wielding a +0 dagger.
Your hound bites the gnoll.
Your quokka misses the gnoll. The gnoll hits you with a +0 flail.
A gnoll comes into view. It is wielding a +0 halberd.
The gnoll hits you from afar with a +0 spear.
* * * LOW HITPOINT WARNING * * *
Your cerulean imp misses the gnoll.
Your hound closely misses the gnoll.
You closely miss the gnoll.
The kobold shouts!
Your quokka bites the gnoll but does no damage.
Your hound bites the gnoll.
Your quokka closely misses the gnoll.
The gnoll hits you with a +0 flail.
* * * LOW HITPOINT WARNING * * *
The gnoll hits your hound with a +0 spear.
Your cerulean imp hits the gnoll but does no damage.
You barely miss the gnoll.
Your hound bites the gnoll.
The gnoll dies!
Your quokka misses the gnoll. The gnoll misses you.
You hit the gnoll. You burn the gnoll.
The gnoll is lightly wounded.
Your quokka barely misses the gnoll.
Your hound barely misses the gnoll.
The gnoll hits you with a +0 flail.
You die...

.
#.#.##...................#
.
..#.##.##..#.#.###########
#..#.##..)..# #.########
...#..........#.........
## ........#..#######
#..#..#.#5.####
.#....).....#
...g.rhr.##.# #....g@.# #
#..g.#..# #..#.#..#
.......... .#..#.K###. ..
.. .# ... . #.. ..


You could see 3 gnolls, a kobold, a friendly hound (summoned), a friendly
cerulean imp (summoned) and 2 friendly quokkas.

Vanquished Creatures
  An orc priest (D:4)
  An orc wizard (D:4)
  An adder (D:3)
  An orc (D:3)
  A goblin (D:2)
  A hobgoblin (D:2)
  2 quokkas
  A ball python (D:2)
  A bat (D:3)
  2 frilled lizards (D:2)
  A kobold (D:3)
  A rat (D:2)
14 creatures vanquished.

Vanquished Creatures (collateral kills)
  Jessica (D:3)
  An iguana (D:2)
  4 adders
  A gnoll (D:4)
  A worm (D:2)
  3 orcs (D:4)
  3 bats (D:2)
  4 endoplasms
  4 goblins
  2 hobgoblins
  A quokka (D:1)
  A ball python (D:1)
  2 frilled lizards (D:1)
  A kobold (D:2)
  3 rats
32 creatures vanquished.

Grand Total: 46 creatures vanquished

Notes
Turn   | Place    | Note
-------+----------+-------------------------------------------
     0 | D:1      | Hubris850 the Deep Elf Summoner began the quest for the
                  | Orb.
     0 | D:1      | Reached XP level 1. HP: 10/10 MP: 6/6
   630 | D:1      | Reached XP level 2. HP: 15/15 MP: 5/8
   642 | D:1      | Learned a level 2 spell: Call Imp
   645 | D:1      | Learned a level 2 spell: Scorch
   648 | D:1      | Learned a level 2 spell: Blink
  1503 | D:2      | Reached skill level 1 in Translocations
  1503 | D:2      | Reached skill level 1 in Fire Magic
  1503 | D:2      | Reached XP level 3. HP: 14/19 MP: 8/10
  2372 | D:3      | Noticed Jessica
  2381 | D:3      | Killed Jessica
  2382 | D:3      | Reached XP level 4. HP: 19/24 MP: 9/11
  2515 | D:3      | Learned a level 3 spell: Call Canine Familiar
  2884 | D:4      | Reached skill level 5 in Summonings
  2896 | D:4      | Reached XP level 5. HP: 12/28 MP: 9/13
  3147 | D:4      | Slain by a gnoll

Illustrated notes

Levels and vault maps discovered:
D:1:      dpeg_arrival_round_c, layout_loops_corners
D:2:      layout_rooms, serial_forest, infiniplex_forest_end_double,
          infiniplex_forest_lined_2, infiniplex_forest_lined_room_2,
          infiniplex_forest_side_room, infiniplex_forest_clump_diagonal,
          infiniplex_forest_lined_2, infiniplex_forest_lined_1
D:3:      layout_loops_corners, nicolae_eternal_life, uniq_jessica
D:4:      layout_basic

Skill      XL: |  1  2  3  4 |
---------------+-------------+-----
Dodging        | 3 |  3.2
Stealth        | 3 |  3.0
Translocations | 1 2 |  2.3
Fire Magic     | 1 2 |  2.4
Spellcasting   | 4 |  4.5
Summonings     | 5 |  5.2

Action                     |  1- 3 |  4- 6 || total
---------------------------+-------+-------++-------
  Melee: Unarmed           |     3 |       ||     3
         Whip              |    62 |    42 ||   104
         Dagger            |    28 |       ||    28
         Punch             |       |     1 ||     1
   Cast: Summon Small Mamm |    46 |    16 ||    62
         Call Imp          |       |     4 ||     4
         Call Canine Famil |       |     3 ||     3
   Stab: Distracted        |       |     2 ||     2
 Armour: Robe              |     6 |     5 ||    11
  Dodge: Dodged            |    41 |    31 ||    72

Table legend: (Time is in decaauts)
 A = Elapsed time spent in this place.
 B = Non-inter-level travel time spent in this place.
 C = Inter-level travel time spent in this place.
 D = Time resting spent in this place.
 E = Time spent auto-exploring this place.
 F = Levels seen in this place.
 G = Mean time per level.
                   A        B        C        D        E       F      G
               +--------+--------+--------+--------+--------+-----+--------+
         Total |   3155 |   3057 |     98 |     57 |   2389 |   4 |  788.8 |
       Dungeon |   3155 |   3057 |     98 |     57 |   2389 |   4 |  788.8 |
               +--------+--------+--------+--------+--------+-----+--------+

Top non-repeatable levels by time:
     D:1: 1040 daAuts
     D:3: 1006 daAuts
     D:2: 817 daAuts
     D:4: 290 daAuts
